 Dungeon Crawl Stone Soup version 0.30-a0-859-gf88a04b62d (webtiles) character file.

Game seed: 14984796260137746413

1358 cforsyth the Thaumaturge (level 8, 0/41 HPs)
             Began as a Deep Elf Earth Elementalist on Mar 6, 2023.
             Slain by a hornet (10 damage)
             ... on level 6 of the Dungeon.
             The game lasted 00:08:09 (5007 turns).

cforsyth the Thaumaturge (DEEE)                     Turns: 5007, Time: 00:08:09

Health: 0/41       AC:  5    Str:  5    XL:     8   Next: 37%
Magic:  13/23      EV: 11    Int: 23    God:
Gold:   190        SH:  0    Dex: 15    Spells: 18/26 levels left

rFire   + . .      SeeInvis .    (no weapon)
rCold   + . .      Faith    .    (no shield)
rNeg    + . .      Spirit   .    p - +1 leather armour {Will+}
rPois   .          Reflect  .    (no helmet)
rElec   .          Rampage  .    h - scarf {rC+ rF+}
rCorr   .                        (no gloves)
Will    +....                    s - +0 pair of boots
Stlth   ++                       g - amulet of magic regeneration
HPRegen 0.26/turn                x - ring of positive energy
MPRegen 0.58/turn                (no ring)

@: lethally poisoned (0 -> -7), slowed, very slow
A: no striking features
a: no special abilities


You were on level 6 of the Dungeon.
You visited 2 branches of the dungeon, and saw 7 of its levels.

You collected 190 gold pieces.

Inventory:

Armour
 a - a +0 robe
 h - a scarf of resistance (worn)
 p - a +1 leather armour of willpower (worn)
 s - a +0 pair of boots (worn)
Jewellery
 g - an amulet of magic regeneration (around neck)
 x - a ring of positive energy (left hand)
Wands
 t - a wand of paralysis (10)
Scrolls
 i - a scroll of amnesia {unknown}
 k - 3 scrolls of teleportation
 q - a scroll of blinking {unknown}
 r - a scroll of noise {unknown}
 w - a scroll of enchant weapon {unknown}
Potions
 b - a potion of magic
 d - 2 potions of might
 e - 2 potions of lignification
 f - 2 potions of attraction
 j - a potion of flight {unknown}
 l - a potion of invisibility {unknown}
 o - 3 potions of resistance
 u - a potion of ambrosia {unknown}
 z - a potion of haste


   Skills:
 - Level 2.4 Dodging
 - Level 2.4 Stealth
 + Level 9.8 Spellcasting
 - Level 1.1 Transmutations
 + Level 1.7 Ice Magic
 + Level 8.5 Earth Magic


You had 18 spell levels left.
You knew the following spells:

 Your Spells              Type           Power      Damage    Failure   Level
a - Sandblast             Erth           100%       2d20      1%          1
b - Stone Arrow           Conj/Erth      60%        3d10      4%          3
c - Petrify               Tmut/Erth      33%        N/A       13%         4

Your spell library contained the following spells:

 Spells                   Type           Power      Damage    Failure   Level
 Passwall                 Tmut/Erth      27%        N/A       1%          2
 Ozocubu's Armour         Ice            19%        N/A       14%         3
 Leda's Liquefaction      Hex/Erth       15%        N/A       17%         4
 Call Canine Familiar     Summ           11%        N/A       28%         3
 Portal Projectile        Hex/Tloc       22%        N/A       28%         3
 Ozocubu's Refrigeration  Ice            9%         4d9       100%        7


Dungeon Overview and Level Annotations

Branches:
Dungeon (6/15)             Temple (1/1) D:4

Altars:
Ashenzari
Cheibriados
Elyvilon
Gozag
Nemelex Xobeh
Okawaru
Ru
Trog
Wu Jian
Zin
The Shining One


Message History

Aiming: Sandblast (safe; 1% risk of failure)
Press: ? - help, Shift-Dir - straight line, f - hornet
Aim: a hornet (wandering, hasn't noticed you, 78% to hit)
Okay, then.
Casting: Sandblast (safe; 1% risk of failure)
Confirm with . or Enter, or press ? or * to list all spells.
Aiming: Stone Arrow (dangerous; 4% risk of failure)
Press: ? - help, Shift-Dir - straight line, f - hornet
Aim: a hornet (wandering, hasn't noticed you, 60% to hit)
The stone arrow hits the hornet!
The hornet is heavily wounded.
The hornet buzzes angrily.
An orc comes into view. It is wielding a +0 dagger.
Casting: Stone Arrow (dangerous; 4% risk of failure)
Confirm with . or Enter, or press ? or * to list all spells.
Aiming: Stone Arrow (dangerous; 4% risk of failure)
Press: ? - help, Shift-Dir - straight line, f/p - hornet
Aim: a hornet (heavily wounded, 60% to hit)
The stone arrow misses the hornet.
Casting: Stone Arrow (dangerous; 4% risk of failure)
Confirm with . or Enter, or press ? or * to list all spells.
Aiming: Stone Arrow (dangerous; 4% risk of failure)
Press: ? - help, Shift-Dir - straight line, f/p - hornet
Aim: a hornet (heavily wounded, 60% to hit)
The stone arrow hits the hornet!
The hornet is severely wounded.
The hornet stings you!
You are poisoned.
You feel yourself slow down. The hornet barely misses you.
Casting: Stone Arrow (dangerous; 4% risk of failure)
Confirm with . or Enter, or press ? or * to list all spells.
Aiming: Stone Arrow (dangerous; 4% risk of failure)
Press: ? - help, Shift-Dir - straight line, f/p - hornet
Aim: a hornet (severely wounded, 60% to hit)
The stone arrow hits the hornet but does no damage.
The hornet is severely wounded.
* * * LOW HITPOINT WARNING * * *
You feel very sick. The hornet stings you!
You die...

#....... .## .###..#....
. # #.....##.<##.... ..
#. ..#.....[)##....
#..#.## ..#......)......
....o..#................
............>....)......
......y.................
#.@................
#....................
........................
........#......
.......##....$. .......
...... ....... .....
......# #...#


You could see a hornet and an orc.

Vanquished Creatures
  A kobold demonologist (D:5)
  A steam dragon (D:6)
  A black bear (D:4)
  A sky beast (D:5)
  An ice beast (D:5)
  An ogre (D:4)
  A phantom (D:5)
  A hound (D:5)
  4 orc priests
  Terence (D:3)
  3 orc wizards
  3 iguanas
  7 adders
  2 worms
  4 dart slugs
  18 orcs
  6 endoplasms
  2 giant cockroaches
  5 goblins
  9 hobgoblins
  9 jackals
  8 kobolds
  4 quokkas
  3 ball pythons
  2 bats (D:3)
  8 frilled lizards
  6 rats
112 creatures vanquished.

Vanquished Creatures (others)
  3 fungi (D:4)
3 creatures vanquished.

Grand Total: 115 creatures vanquished

Notes
Turn   | Place    | Note
-------+----------+-------------------------------------------
     0 | D:1      | cforsyth the Deep Elf Earth Elementalist began the quest
                  | for the Orb.
     0 | D:1      | Reached XP level 1. HP: 10/10 MP: 6/6
   238 | D:1      | Reached XP level 2. HP: 15/15 MP: 5/8
   655 | D:1      | Reached skill level 4 in Spellcasting
   765 | D:1      | Reached XP level 3. HP: 19/19 MP: 8/10
  1413 | D:2      | Identified the +0 ring mail of Sireawnu {rC++}
  1607 | D:2      | Reached XP level 4. HP: 24/24 MP: 10/12
  2112 | D:3      | Found a faded altar of an unknown god.
  2189 | D:3      | Reached skill level 5 in Spellcasting
  2319 | D:3      | Noticed Terence
  2327 | D:3      | Killed Terence
  2442 | D:3      | Reached skill level 5 in Earth Magic
  2545 | D:4      | Noticed an ogre
  2574 | D:3      | Reached XP level 5. HP: 28/28 MP: 12/15
  2798 | D:4      | Killed an ogre
  2799 | D:4      | Reached skill level 6 in Spellcasting
  2804 | D:3      | Reached XP level 6. HP: 15/32 MP: 12/17
  3250 | D:4      | Found a staircase to the Ecumenical Temple.
  3294 | D:4      | Found an opulent altar of Gozag.
  3297 | D:4      | Found an opulent altar of Gozag.
  3297 | D:4      | Found an opulent altar of Gozag.
  3340 | Temple   | Entered the Ecumenical Temple
  3567 | D:4      | Reached skill level 7 in Spellcasting
  3580 | D:5      | Entered Level 5 of the Dungeon
  3940 | D:5      | Found a broken altar of Ashenzari.
  3986 | D:5      | Noticed an ice beast
  3991 | D:5      | Killed an ice beast
  3992 | D:5      | Reached XP level 7. HP: 33/36 MP: 16/20
  4086 | D:5      | Found an ornate altar of the Wu Jian Council.
  4677 | D:5      | Reached skill level 8 in Spellcasting
  4699 | D:5      | Noticed a kobold demonologist
  4742 | D:5      | Killed a kobold demonologist
  4743 | D:5      | Reached skill level 9 in Spellcasting
  4743 | D:5      | Reached XP level 8. HP: 41/41 MP: 19/23
  4864 | D:5      | Learned a level 3 spell: Stone Arrow
  4869 | D:5      | Learned a level 4 spell: Petrify
  4985 | D:6      | Reached skill level 1 in Ice Magic
  4987 | D:6      | HP: 2/41 [orc wizard/magic dart (5)]
  5003 | D:6      | Noticed a hornet
  5007 | D:6      | Slain by a hornet

Illustrated notes

Levels and vault maps discovered:
D:1:      dpeg_arrival_court, layout_loops_ring
D:2:      layout_basic
D:3:      layout_rooms, dreamdust_ecumenical_altar_grove,
          kennysheep_generic_room_12, uniq_terence
D:4:      layout_rooms, mainiacjoe_overflow_chevrons, tgw_xom,
          nicolae_gozag_conspicuous_consumption,
          minmay_temple_entry_enclosed_plants
D:5:      minmay_chambers_of_fours, layout_cave_pools, lemuel_doored_altar,
          nzn_wu_jian_contemplation, bh_walls_and_bars
D:6:      layout_cave_pools, gup_sewer_entry_bubbles, uniq_crazy_yiuf_cottage,
          uniq_menkaure
Temple:   hellmonk_temple_forest_ring

Skill      XL: |  1  2  3  4  5  6  7  8 |
---------------+-------------------------+-----
Spellcasting   | 4 5 6 7 9 |  9.8
Earth Magic    | 4 5 6 8 |  8.5
Ice Magic      | 1 |  1.7
Dodging        | |  2.4
Stealth        | |  2.4
Transmutations | |  1.1

Action                     |  1- 3 |  4- 6 |  7- 9 || total
---------------------------+-------+-------+-------++-------
  Melee: Unarmed           |       |     1 |     1 ||     2
   Cast: Sandblast         |    60 |    67 |    49 ||   176
         Stone Arrow       |       |       |     4 ||     4
    Use: Scroll            |       |       |     9 ||     9
         Potion            |       |       |     1 ||     1
   Stab: Sleeping          |       |     1 |       ||     1
 Armour: Robe              |     2 |     1 |       ||     3
         Leather armour    |       |     7 |    14 ||    21
  Dodge: Dodged            |     4 |    21 |    22 ||    47

Table legend: (Time is in decaauts)
 A = Elapsed time spent in this place.
 B = Non-inter-level travel time spent in this place.
 C = Inter-level travel time spent in this place.
 D = Time resting spent in this place.
 E = Time spent auto-exploring this place.
 F = Levels seen in this place.
 G = Mean time per level.
                   A        B        C        D        E       F      G
               +--------+--------+--------+--------+--------+-----+--------+
         Total |   5101 |   4822 |    279 |    943 |   3080 |   7 |  728.7 |
       Dungeon |   4939 |   4679 |    260 |    943 |   2945 |   6 |  823.2 |
        Temple |    161 |    143 |     18 |      0 |    135 |   1 |  161.0 |
               +--------+--------+--------+--------+--------+-----+--------+

Top non-repeatable levels by time:
     D:5: 1420 daAuts
     D:3: 1164 daAuts
     D:1: 1121 daAuts
     D:2: 857 daAuts
     D:4: 340 daAuts
  Temple: 161 daAuts
     D:6: 35 daAuts
